[Event "Late-Titled-Tuesday-Blitz-February-27-2024"]
[Site "Chess.com"]
[Date "2024.02.27"]
[Round "6"]
[White "platy3"]
[Black "FabianoCaruana"]
[Result "1-0"]
[WhiteElo "2953"]
[BlackElo "3049"]
[TimeControl "180+1"]
[EndTime "15:06:42 PST"]
[Termination "platy3 won by resignation"]

1. e4 e5 2. Nf3 Nc6 3. Bc4 Nf6 4. d3 Be7 5. O-O O-O 6. Re1 d6 7. a4 Be6 8. Nc3 h6 9. h3 Bxc4 10. dxc4 a5 11. b3 Nb8 12. Be3 Nbd7 13. Qd2 Re8 14.
Rad1 Bf8 15. Qd3 c6 16. Ne2 g6 17. Ng3 Qc7 18. Qc3 b6 19. Nh2 Nc5 20. Ng4 Nxg4 21. hxg4 Rad8 22. f3 Ne6 23. Kf2 Bg7 24. Rh1 Ng5 25.
Rd3 Rd7 26. Qd2 Qd8 27. Rd1 Re6 28. Kg1 Bf6 29. Qf2 Rb7 30. Ne2 Kg7 31. Nc3 Be7 32. R1d2 Rf6 33. Kf1 Ne6 34. Ke1 Nc5 35. Bxc5 bxc5 36.
Kd1 Qh8 37. g3 Re6 38. f4 exf4 39. gxf4 Bf6 40. e5 dxe5 41. f5 e4 42. fxe6 exd3 43. Rxd3 fxe6 44. Qxc5 Qf8 45. Qxa5 Rf7 46. Ne4 Bb2 47.
Nd2 Rf1+ 48. Nxf1 Qxf1+ 49. Qe1 Qf4 50. c3 Qxg4+ 51. Kc2 Ba3 52. Qe5+ Kf7 53. b4 Qg2+ 54. Rd2 Qg4 55. Rd7+ Ke8 56. Rd4 Qf5+ 57. Qxf5 gxf5 58. a5 1-0

[Event "Late-Titled-Tuesday-Blitz-February-27-2024"]
[Site "Chess.com"]
[Date "2024.02.27"]
[Round "6"]
[White "Zq1"]
[Black "Mr_Heisenberg13"]
[Result "1-0"]
[WhiteElo "2637"]
[BlackElo "2815"]
[TimeControl "180+1"]
[EndTime "15:06:44 PST"]
[Termination "Zq1 won by resignation"]

1. d4 Nf6 2. c4 e6 3. Nf3 Bb4+ 4. Bd2 Be7 5. Nc3 O-O 6. g3 d5 7. cxd5 exd5 8. Bg2 c6 9. O-O Bf5 10. Nh4 Be6 11. Rb1 Nbd7 12. b4 b5 13. Nf3 a5 14.
bxa5 Rxa5 15. a4 Bf5 16. Rb2 bxa4 17. Nxa4 Ra7 18. Bb4 Ne4 19. Bxe7 Qxe7 20. Nh4 Be6 21. Qc2 Qa3 22. Ra2 Qd6 23. Rfa1 Ndf6 24. Nc5 Rxa2 25.
Rxa2 Nxc5 26. Qxc5 Qxc5 27. dxc5 Nd7 28. Ra5 Rb8 29. h3 Kf8 30. Nf3 Rb4 31. e3 Rc4 32. Nd4 Nxc5 33. Nxc6 g5 34. Nd4 Kg7 35. g4 Kf6 36.
Bf3 h6 37. Kg2 Rc1 38. Rb5 Ke5 39. Nc6+ Kd6 40. Nd4 Nd3 41. Be2 Ne1+ 42. Kg3 Ke5 43. Rb6 Nc2 44. Rc6 h5 45. Rxc2 Rh1 46. Kg2 Ra1 47.
gxh5 Ra8 48. Nxe6 fxe6 49. Rc6 d4 50. exd4+ Kxd4 51. Rxe6 Ra2 52. Re3 Ra6 53. Bg4 Rf6 54. Rf3 Rh6 55. Rf5 Ke4 56. Rxg5 Kf4 57. Rf5+ Ke4 58.
Rf3 Rh7 59. Kg3 Rh6 60. Re3+ Kd5 61. Re6 Rh8 62. h6 Rh7 63. Kf4 Rf7+ 64. Kg5 Rxf2 65.
Re8 Rf8 66. Rxf8 1-0

[Event "Late-Titled-Tuesday-Blitz-February-27-2024"]
[Site "Chess.com"]
[Date "2024.02.27"]
[Round "6"]
[White "AlexeiShirov"]
[Black "karinachess1"]
[Result "1-0"]
[WhiteElo "2851"]
[BlackElo "2613"]
[TimeControl "180+1"]
[EndTime "15:06:44 PST"]
[Termination "AlexeiShirov won by resignation"]

1. e4 e5 2. Nf3 Nc6 3. Bc4 Nf6 4. d3 h6 5. O-O d6 6. a4 g5 7. a5 a6 8. c3 Bg7 9. b4 Be6 10. Na3 d5 11. exd5 Nxd5 12. Bd2 O-O 13. Nc2 Qd7 14.
Re1 Rad8 15. b5 axb5 16. Bxb5 e4 17. Rxe4 Nxc3 18. Bxc3 Bxc3 19. Ra3 Bb2 20. Raa4 Bb3 21. Rab4 Bxc2 22. Qxc2 Nxb4 23. Rxb4 c6 24. Qxb2 cxb5 25. h4 f6 26. d4 g4 27. Nh2 Rfe8 28. Qd2 Kg7 29. d5 h5 30. Rd4 Qf5 31. Nf1 Qb1 32. Rb4 Qe1 33. Rxb5 Rd7 34. Qf4 Qe5 35. Qd2 Red8 36.
Ne3 f5 37. g3 f4 38. gxf4 Qxf4 39. Rb4 Qe5 40. Qd3 Rf8 41. Re4 Qf6 42. Qe2 Rdf7 43. Nd1 Qxh4 44. d6 Qf6 45. Re6 Qf4 46. Qb2+ Kg8 47.
Rg6+ Kh7 48. Re6 Rd8 49. Qc2+ Kg7 50. Qg6+ Kf8 51. Qxh5 Kg8 52. Rh6 Rxd6 53. Rh8+ Kg7 54. Rh7+ Kf8 55. Rxf7+ Qxf7 56. Qc5 Ke7 57. Ne3 Kd7 58.
Qb5+ Rc6 59. Qxb7+ Rc7 60. Qb5+ Ke7 61. Nd5+ Kd6 62.
Nxc7 Qxc7 63. Qb6+ Qxb6 64. axb6 Kc6 65. Kg2 Kxb6 66.
Kg3 Kc6 67. Kxg4 Kd5 68. Kg5 Ke6 69. Kg6 1-0

[Event "Late-Titled-Tuesday-Blitz-February-27-2024"]
[Site "Chess.com"]
[Date "2024.02.27"]
[Round "6"]
[White "BardArtem"]
[Black "ACollins05"]
[Result "0-1"]
[WhiteElo "2718"]
[BlackElo "2593"]
[TimeControl "180+1"]
[EndTime "15:06:48 PST"]
[Termination "ACollins05 won by checkmate"]

1. d4 d5 2. c4 e6 3. Nf3 Nf6 4.
e3 Be7 5. b3 O-O 6. Bb2 b6 7.
cxd5 Nxd5 8. Nc3 Bb7 9. Bd3 Nd7 10. O-O c5 11. Rc1 Rc8 12. Nxd5 Bxd5 13. Qe2 Bb7 14.
Rfd1 cxd4 15. Rxc8 Qxc8 16. Nxd4 Bf6 17. Ba3 Rd8 18. Rc1 Qa8 19. Nf3 Bxf3 20. Qxf3 Qb8 21. Bb1 Rc8 22. Rd1 Ne5 23. Qe4 Ng6 24. h4 Bxh4 25.
Bd6 Qa8 26. Qg4 f5 27. Qa4 Qc6 28. Qxa7 Rd8 29. Qa3 Be7 30. Rc1 Qxd6 31. Qa6 Bf6 32. Qc4 Ne5 33. Qc2 Ng4 34. g3 Qd2 35. Qxd2 Rxd2 36.
Rf1 Bg5 37. a4 Rxf2 38. Rxf2 Bxe3 39. Kg2 Bxf2 40. b4 Be1 41. a5 bxa5 42. b5 Bf2 43.
Ba2 Kf7 44. Kh3 Bb6 45. Kh4 Kf6 46. Kh5 g6+ 47. Kh4 Ne5 48. Kh3 a4 49. Kg2 a3 50. Kf1 g5 51. Ke2 g4 52. Kf1 h5 53.
Kg2 Ng6 54. Kf1 e5 55. Kg2 f4 56. Bb1 f3+ 57. Kh2 Kg5 58. Kh1 h4 59. Kh2 hxg3+ 60. Kxg3 e4 61. Kh2 e3 62. Bxg6 e2 63. Bd3 e1=Q 64.
Bf1 Qf2+ 65. Kh1 Qg1# 0-1

[Event "Late-Titled-Tuesday-Blitz-February-27-2024"]
[Site "Chess.com"]
[Date "2024.02.27"]
[Round "6"]
[White "MusicCityMaster"]
[Black "Escudito"]
[Result "0-1"]
[WhiteElo "2536"]
[BlackElo "2426"]
[TimeControl "180+1"]
[EndTime "15:06:48 PST"]
[Termination "Escudito won by resignation"]

1. d4 d5 2. c4 e6 3. Nc3 c5 4. cxd5 exd5 5. Nf3 Nc6 6. g3 Nf6 7. Bg2 Be7 8. O-O O-O 9. Bg5 c4 10. Rc1 h6 11. Bf4 a6 12. Ne5 Be6 13. b3 Ba3 14.
Rb1 Bf5 15. Nxc6 bxc6 16. e4 dxe4 17. Be3 Qa5 18. Qc2 Bb4 19. Nxe4 Kh8 20. f3 Rfe8 21. bxc4 c5 22. d5 Qd8 23. Rb3 Rc8 24. a3 Ba5 25. Kh1 Rb8 26. Rxb8 Qxb8 27. Bxc5 Rc8 28. Bd4 Nxd5 29.
Qc1 Kh7 30. g4 Bg6 31. f4 f6 32. f5 Bf7 33. Ng3 Ne7 34. c5 Nc6 35. Ba1 Ne5 36. Ne4 Nxg4 37. Qf4 Qxf4 38. Rxf4 Ne5 39. h3 Bd5 40.
Nxf6+ gxf6 41. Bxd5 Rxc5 42. Bxe5 fxe5 43. Rg4 Rxd5 44. f6 Rd7 45. Re4 Bc7 46. Rc4 Rf7 47. Kg2 Kg6 48. Rc6 Kf5 49. Rxa6 Rxf6 50. Ra7 Bd6 51. Ra8 e4 52. a4 Ke5 53. Re8+ Kd5 54. a5 Bc5 55. a6 Rxa6 56. Kg3 Rf6 57. Kg4 Kd4 58. Rd8+ Kc4 59. Re8 e3 60. h4 Kd3 61. Rd8+ Bd4 62. Re8 e2 63. Re7 Be3 64.
Kg3 e1=Q+ 0-1

[Event "Late-Titled-Tuesday-Blitz-February-27-2024"]
[Site "Chess.com"]
[Date "2024.02.27"]
[Round "6"]
[White "Alexei_Gubajdullin"]
[Black "Msb2"]
[Result "0-1"]
[WhiteElo "2665"]
[BlackElo "3029"]
[TimeControl "180+1"]
[EndTime "15:06:53 PST"]
[Termination "Msb2 won by resignation"]

1. d4 d5 2. Nf3 e6 3. Bf4 c5 4. e3 Nc6 5. Nbd2 Bd6 6. Bg3 Bxg3 7. hxg3 Qb6 8. dxc5 Qxb2 9. c4 Nf6 10.
cxd5 Nxd5 11. Bc4 Nf6 12. O-O O-O 13. Bb3 Rd8 14. Qc1 Qxc1 15. Rfxc1 Kf8 16. Nc4 Ne4 17. Nce5 Bd7 18. Nxd7+ Rxd7 19. Ba4 Rc7 20. Nd4 Nxd4 21. exd4 Rd8 22. Rc4 Nd2 23. Rb4 a5 24. Rb5 Rxd4 25.
Rxa5 Ne4 26. Rc1 Rxc5 27. Rcxc5 Nxc5 28. Rxc5 Rxa4 29. Rc8+ Ke7 30. Rc7+ Kf6 31. Rxb7 Rxa2 32. g4 Ra4 33. f3 e5 34. Kh2 Kg6 35. Kg3 f6 36. Re7 Ra8 37. Kh3 Rf8 38. Kg3 Rf7 39. Re8 Ra7 40. Kh3 Kg5 41. Kg3 Rb7 42. Re6 h5 43. gxh5 Kxh5 44. Re8 Kg5 45. Re6 Kf5 46. Re8 g6 47. Rg8 Rb3 48. Re8 Ra3 49. Re7 g5 50. Re8 g4 51. Re7 gxf3 52. gxf3 Ra8 53. Rb7 Rg8+ 54. Kf2 Rd8 55. Kg3 Rd3 56. Rb4 Rd4 57.
Rb6 Kg5 58. Kf2 f5 59. Kg3 Rd3 60. Kf2 Kf4 61. Rb4+ Rd4 62. Rb2 Ra4 63. Rc2 Ra3 64. Rc4+ e4 65. fxe4 fxe4 66. Rc2 Rf3+ 67. Ke2 Rh3 68.
Rc8 Rh2+ 69. Kf1 Kf3 70. Rf8+ Ke3 71. Ra8 Rd2 72. Ra3+ Rd3 73. Ra8 Rd1+ 74. Kg2 Ke2 75. Ra2+ Rd2 76. Ra1 e3 77. Rb1 Rd8 78. Rb2+ Kd3 79.
Rb3+ Kd2 80. Rb2+ Kc3 81. Ra2 Rd2+ 82. Rxd2 exd2 0-1

[Event "Late-Titled-Tuesday-Blitz-February-27-2024"]
[Site "Chess.com"]
[Date "2024.02.27"]
[Round "6"]
[White "FuenfgegenWilly"]
[Black "ninguno46"]
[Result "0-1"]
[WhiteElo "2457"]
[BlackElo "2589"]
[TimeControl "180+1"]
[EndTime "15:06:53 PST"]
[Termination "ninguno46 won by checkmate"]

1. e4 c5 2. Nc3 Nc6 3. f4 g6 4. Nf3 Bg7 5. Bb5 Nd4 6. O-O a6 7.
Bd3 d6 8. Nxd4 cxd4 9. Ne2 Nf6 10. c3 dxc3 11. dxc3 Nd7 12. Kh1 b5 13. Ng3 Bb7 14.
f5 Ne5 15. Bc2 O-O 16. Qe2 Rc8 17. a4 bxa4 18. Rxa4 Qc7 19. Bb3 Kh8 20. Bg5 Rb8 21. Ba2 Bc6 22. Rd4 Bb5 23. c4 Bc6 24. Rdd1 a5 25. f6 exf6 26. Bxf6 Bd7 27. Qf2 Be6 28. b3 Bxf6 29. Qxf6+ Kg8 30. Nf5 Bxf5 31. exf5 Rbd8 32. Bb1 Qc5 33. fxg6 hxg6 34. Rf4 Nd7 35. Qxd6 Ne5 36. Qxd8 Rxd8 37. Rxd8+ Kg7 38. Rfd4 Qb4 39. Rd1 Ng4 40. Rc1 Qb6 41. h3 Qxd8 42. hxg4 Qh4+ 43. Kg1 Qxg4 44. Rf1 Qd4+ 45. Kh2 f5 46. Rf3 Qe5+ 47. Kh3 Kh6 48. Bd3 Kg5 49. Bf1 f4 50. Kh2 Kf6 51.
Rd3 g5 52. Kg1 Qb2 53. g3 fxg3 54. Rxg3 Qd4+ 55. Kg2 Qe4+ 56. Rf3+ Kg7 57. Kg3 Qh4+ 58. Kg2 Qg4+ 59. Rg3 Qe4+ 60. Kh2 Kh6 61. Bg2 Qf4 62.
Kh3 Qh4# 0-1

[Event "Late-Titled-Tuesday-Blitz-February-27-2024"]
[Site "Chess.com"]
[Date "2024.02.27"]
[Round "6"]
[White "NoHeThTo"]
[Black "Elsa167"]
[Result "1-0"]
[WhiteElo "2657"]
[BlackElo "2884"]
[TimeControl "180+1"]
[EndTime "15:06:54 PST"]
[Termination "NoHeThTo won on time"]

1. c4 g6 2. g3 Bg7 3. Bg2 Nf6 4. Nf3 O-O 5. O-O d6 6. Nc3 e5 7. d3 Nc6 8. Rb1 a5 9. a3 h6 10. b4 axb4 11. axb4 Be6 12. Nd2 Rb8 13. e4 Nd4 14. f4 exf4 15. gxf4 Ng4 16. Nd5 Bxd5 17. Qxg4 Be6 18.
f5 Bd7 19. Nb3 h5 20. Qh3 Qf6 21. Bb2 Ne2+ 22. Kh1 Qg5 23. Bxg7 Kxg7 24. f6+ Kh7 25. Qxd7 Nf4 26. Rxf4 Qxf4 27. Rf1 Qe3 28. Qh3 Qxh3 29. Bxh3 Ra8 30. Nd4 Ra3 31. Rd1 c6 32. b5 c5 33.
Nf3 Kh6 34. e5 g5 35. Bf5 g4 36. Ne1 dxe5 37. Be4 b6 38. Nc2 Ra2 39. Ne3 Kg5 40. Nd5 Rfa8 41. Nxb6 R8a3 42. Nd7 Rb3 43. Nxe5 Rbb2 44.
Nxf7+ Kxf6 45. Rf1+ Ke6 46. Nd8+ Kd7 47. Nc6 Rxh2+ 48.
Kg1 g3 49. Ne5+ Ke6 50. Ng6 h4 51. Nf4+ Ke5 52. b6 Rab2 53. b7 h3 54. Nxh3 Rxh3 55.
Rf8 Rb1+ 56. Kg2 Rh2+ 57. Kxg3 Rhb2 58. Re8+ Kd4 59. Kf4 Rf2+ 60. Bf3 Rfb2 61. Rd8+ Kc3 62. Be4 Rf2+ 63. Ke5 Rfb2 64. Kd6 Rb6+ 65. Kxc5 1-0

[Event "Late-Titled-Tuesday-Blitz-February-27-2024"]
[Site "Chess.com"]
[Date "2024.02.27"]
[Round "6"]
[White "EvilMorty23"]
[Black "bancsoo"]
[Result "1-0"]
[WhiteElo "2589"]
[BlackElo "2883"]
[TimeControl "180+1"]
[EndTime "15:06:55 PST"]
[Termination "EvilMorty23 won on time"]

1. e4 e5 2. Nf3 d6 3. d4 exd4 4. Nxd4 Nf6 5. Nc3 Be7 6. Be2 O-O 7. Be3 Re8 8. O-O Bf8 9. Bf3 Nbd7 10. g3 Nc5 11.
Bg5 h6 12. Bxf6 Qxf6 13. Bg2 c6 14. f4 g6 15. Qd2 Bg7 16. Rad1 Bg4 17. Nde2 Rad8 18.
h3 Bxe2 19. Qxe2 b5 20. a3 a5 21. Qe3 b4 22. axb4 axb4 23. e5 dxe5 24. Qxc5 bxc3 25. Qxc3 Rxd1 26. Rxd1 exf4 27. Qxc6 Re6 28. Qa8+ Kh7 29. gxf4 Qxb2 30. f5 gxf5 31. Qa4 Re2 32. Bf1 Qb6+ 33. Kh1 Qb7+ 34. Kg1 Re4 35. Qb3 Bd4+ 36. Kh1 Qe7 37.
Qf3 Qe5 38. Bd3 Rf4 39. Qg2 Be3 40. Rf1 Rxf1+ 41. Qxf1 Kg6 42. Qg2+ Kf6 43. Qc6+ Kg7 44. Qg2+ Kf8 45. Qa8+ Kg7 46. Qg2+ Kf6 47. Qc6+ Qe6 48. Qc3+ Kg6 49. Qh8 Qd5+ 50. Kh2 Qd6+ 51. Kg2 Qd5+ 52. Kh2 Qf3 53. Qg8+ Kf6 54. Qd8+ Kg7 55. Qh4 Bf4+ 56. Kg1 Bg3 57. Qd4+ Kg6 58. Qb6+ Kh5 59. Qd4 f4 60. Qe5+ Kh4 61. Qf6+ Kh5 62. Qe5+ Kh4 63. Qe7+ Kh5 64. Be2 1-0

[Event "Late-Titled-Tuesday-Blitz-February-27-2024"]
[Site "Chess.com"]
[Date "2024.02.27"]
[Round "6"]
[White "Viktor_Poddubnyi"]
[Black "Cambek64"]
[Result "0-1"]
[WhiteElo "2268"]
[BlackElo "2485"]
[TimeControl "180+1"]
[EndTime "15:06:56 PST"]
[Termination "Cambek64 won on time"]

1. e4 e6 2. d4 d5 3. Nd2 Nc6 4.
Ngf3 Nf6 5. e5 Nd7 6. Nb3 a5 7. a4 b6 8. c3 Be7 9. Bd3 Ba6 10. O-O Bxd3 11. Qxd3 O-O 12. Be3 Ncb8 13. Nbd2 c6 14. Rfb1 Qc8 15. b4 axb4 16. cxb4 Qa6 17. Qb3 c5 18. b5 Qa5 19. Qb2 c4 20. Nf1 Rc8 21. Rc1 Nf8 22. Bd2 Qa7 23. Bc3 Nbd7 24. Ne3 Qb7 25. h3 h6 26. Ng4 Ng6 27. Qd2 Bf8 28. Rcb1 Ra7 29. g3 Rca8 30. Qc2 Ne7 31. h4 Nf5 32.
Ne3 Nxe3 33. fxe3 f5 34. Ne1 Qc8 35. Ng2 Qe8 36. Nf4 g5 37. hxg5 hxg5 38. Ng2 Qh5 39.
Kf2 Bg7 40. Rh1 Qg4 41. Rh2 Kf7 42. Rhh1 Nf8 43. Qb2 Ng6 44. Qe2 Qxe2+ 45. Kxe2 Rxa4 46. Rxa4 Rxa4 47. Rb1 Ra2+ 48. Rb2 Rxb2+ 49. Bxb2 Bf8 50.
Bc3 Be7 51. Kd2 Kg7 52. Ne1 Kh6 53. Ke2 Kh5 54. Kf3 Nh8 55. Nc2 Ng6 56. Nb4 Nf8 57. Nc6 Ba3 0-1

[Event "Late-Titled-Tuesday-Blitz-February-27-2024"]
[Site "Chess.com"]
[Date "2024.02.27"]
[Round "6"]
[White "CURRUTACO59"]
[Black "ural58"]
[Result "0-1"]
[WhiteElo "2245"]
[BlackElo "2485"]
[TimeControl "180+1"]
[EndTime "15:06:56 PST"]
[Termination "ural58 won on time"]

1. Nf3 Nc6 2. d4 d5 3. e3 Bg4 4. Be2 e6 5. Nbd2 Bd6 6. b3 Nf6 7. Bb2 O-O 8. O-O Ne4 9. c4 f5 10. c5 Be7 11. a3 Bf6 12. b4 a6 13. Qc2 Qe8 14. Rab1 Qg6 15. Bc1 e5 16. dxe5 Nxe5 17. Nxe5 Bxe5 18. Nf3 Bf6 19. Bb2 Rae8 20. Bxf6 Qxf6 21.
Nd4 Bxe2 22. Nxe2 c6 23. Rbd1 h6 24. Nd4 f4 25. exf4 Qxf4 26. f3 Ng5 27. Qd2 Qxd2 28. Rxd2 Re3 29. Nc2 Rc3 30. Re1 Rfxf3 31. h4 Nh3+ 32.
gxh3 Rxh3 33. Rh2 Rxh2 34. Kxh2 Rxc2+ 35. Kg3 Rc3+ 36. Kg4 Kf7 37. Rf1+ Ke7 38. h5 Rxa3 39. Re1+ Kd7 40. Rf1 Rb3 41. Rf7+ Kc8 42. Rxg7 Rxb4+ 43. Kf5 a5 44. Rh7 a4 45. Rxh6 Rc4 46. Rh8+ Kc7 47.
Ra8 Rxc5 48. Rxa4 Rc1 49. h6 Rh1 50. Kg6 b5 51. Rf4 Kb6 52. h7 c5 53. Kg7 Ka5 54. Rf6 Rxh7+ 55. Kxh7 d4 56. Kg6 d3 57. Kf5 c4 0-1

[Event "Late-Titled-Tuesday-Blitz-February-27-2024"]
[Site "Chess.com"]
[Date "2024.02.27"]
[Round "6"]
[White "TheAlienParty"]
[Black "ritanovikova"]
[Result "1-0"]
[WhiteElo "2381"]
[BlackElo "2228"]
[TimeControl "180+1"]
[EndTime "15:06:58 PST"]
[Termination "TheAlienParty won by resignation"]

1. c4 g6 2. Nc3 d6 3. g3 Bg7 4.
Bg2 Nf6 5. e3 O-O 6. Nge2 e5 7.
d3 c6 8. O-O Be6 9. b4 d5 10.
cxd5 cxd5 11. d4 e4 12. Nf4 Bg4 13. Qb3 Be6 14. Nxe6 fxe6 15. a4 Qe7 16. a5 Rd8 17. Ba3 Qf7 18. b5 Nbd7 19. Ra2 Rac8 20. f3 exf3 21. Bxf3 Kh8 22. Raf2 Qe8 23. Bb2 b6 24. a6 Rc7 25. e4 dxe4 26. Nxe4 Nxe4 27. Bxe4 Qe7 28. Rf7 Qd6 29. Rxg7 Kxg7 30. d5+ e5 31. Qe3 Qc5 32. Qxc5 Rxc5 33. d6 Rxb5 34. Ba1 Nf6 35. Bd3 Rd5 36. Bc4 Rc5 37. Bb3 Rb5 38. Bc4 Rb4 39. Ba2 Re4 40. h3 Rxd6 41. g4 Nd7 42. Rc1 Nc5 43. Kf2 Kf6 44. Kg3 Ra4 45. Rf1+ Ke7 46. Bg8 Ra3+ 47. Kh4 Ne6 48. Bxe5 Ra5 49.
Rf7+ Ke8 50. Bxd6 Rxa6 51. Rxh7 Nf8 52. Re7+ Kd8 53. Bf7 b5 54. Bb4 Ra4 55. Re8+ Kd7 56. Bxf8 Rf4 57. Ra8 Rxf7 58. Rxa7+ Ke8 59. Rxf7 Kxf7 60.
Bb4 Ke6 61. Kg5 Kf7 62. h4 Kg7 63. Bc3+ Kh7 64. Kf6 Kh6 65. Kf7 Kh7 66. g5 b4 67.
Bxb4 Kh8 68. Kxg6 Kg8 69. h5 1-0

[Event "Late-Titled-Tuesday-Blitz-February-27-2024"]
[Site "Chess.com"]
[Date "2024.02.27"]
[Round "6"]
[White "PattyCastillo"]
[Black "masterofpuppets2"]
[Result "1-0"]
[WhiteElo "2003"]
[BlackElo "2480"]
[TimeControl "180+1"]
[EndTime "15:07:04 PST"]
[Termination "PattyCastillo won on time"]

1. e4 e5 2. Nf3 Nc6 3. d4 exd4 4.
Nxd4 Nf6 5. f3 Bc5 6. Nb3 Bb6 7. Qe2 O-O 8. Nc3 d5 9. Be3 d4 10.
O-O-O a5 11. Nb5 a4 12. N3xd4 Nxd4 13. Bxd4 Bxd4 14. Nxd4 a3 15. b3 Qe7 16. Qc4 c6 17.
Bd3 Bd7 18. g4 b5 19. Qc3 Rfd8 20. Nf5 Bxf5 21. gxf5 b4 22. Qc4 Qe5 23. Qxb4 Qb2+ 24. Kd2 Rd4 25. Qc3 Rxd3+ 26. Qxd3 Qe5 27. c3 Qf4+ 28.
Kc2 g6 29. fxg6 hxg6 30. Rd2 Kg7 31. e5 Qxe5 32. Qd4 Qf5+ 33. Kc1 Ra5 34. Rf1 Rd5 35. Qe3 Rc5 36. Rc2 Re5 37. Qd2 Rd5 38. Qf2 Nh5 39.
Rd1 Nf4 40. Rxd5 cxd5 41. Qd4+ f6 42. Rd2 Qg5 43. b4 Qh4 44. Kc2 g5 45. b5 Qh7+ 46. Kb3 Qg8 47. b6 Qc8 48. Qb4 Qb7 49. Qd6 Kg6 50.
h4 Qa6 51. hxg5 Qb5+ 52. Qb4 Qf1 53. gxf6 Ne6 54. Qg4+ Kf7 55. Qb4 Qb1+ 56. Ka4 Qc1 57. Rxd5 Qc2+ 58. Ka5 Qxa2 59. Rd7+ Kxf6 60. Qe7+ Kf5 61.
b7 Qc2 62. Qb4 Qe2 63. b8=Q Qe5+ 64. Qxe5+ Kxe5 65. Qd6+ Kf5 66. Re7 1-0

[Event "Late-Titled-Tuesday-Blitz-February-27-2024"]
[Site "Chess.com"]
[Date "2024.02.27"]
[Round "6"]
[White "alexrustemov"]
[Black "MKlose11"]
[Result "1/2-1/2"]
[WhiteElo "2791"]
[BlackElo "2607"]
[TimeControl "180+1"]
[EndTime "15:07:11 PST"]
[Termination "Game drawn by repetition"]

1. d4 Nf6 2. c4 c5 3. d5 b5 4.
cxb5 a6 5. e3 g6 6. Nc3 Bg7 7.
a4 O-O 8. e4 d6 9. Nf3 Nbd7 10.
Bf4 Ne8 11. Be2 axb5 12. axb5 Rxa1 13. Qxa1 Qb6 14. O-O Nc7 15. Nd2 Qb8 16. Qa5 Nb6 17.
Ra1 Bd7 18. Qa7 Re8 19. h3 Kf8 20. Ra5 Rd8 21. g4 Qxa7 22. Rxa7 Nca8 23. Kg2 Ke8 24. h4 Rb8 25. g5 Kd8 26. h5 Kc8 27. h6 Bf8 28. e5 Rb7 29. Ra5 Nc7 30. exd6 exd6 31. Nde4 Nbxd5 32. Nxd6+ Bxd6 33. Bxd6 Nxc3 34. bxc3 Bxb5 35.
Bf3 Rb6 36. Bxc5 Ra6 37. Rxa6 Bxa6 38. Kg3 Kd7 39. Be3 Ne6 40. Bd5 Kd6 41. Ba2 Ke5 42. c4 Bb7 43. Bb1 Be4 44. f4+ Kf5 45. Ba2 f6 46.
Kh4 fxg5+ 47. fxg5 Nf4 48. Bd2 Nd3 49. Bb3 Nc5 50. Bd1 Ne6 51. Bg4+ Ke5 52. Bc3+ Kd6 53.
Bf6 Nf4 54. Kg3 Nh5+ 55. Kh4 Bd3 56. Bd4 Bxc4 57. Bxh5 gxh5 58. g6 Bg8 59. g7 Ke6 60. Kxh5 Kf7 61. Kg5 Ke7 62. Kf5 Kf7 63. Bc5 Ke8 64.
Kf6 Bf7 65. g8=Q+ Bxg8 66. Kg7 Bc4 67. Kxh7 Kf7 68. Bd4 Bd3+ 69. Kh8 Bc2 70. Bc3 Bd3 71. h7 Bc2 72. Bd4 Bd3 73. Bc3 Bc2 74. Bd4 Bd3 75.
Bc3 1/2-1/2

[Event "Late-Titled-Tuesday-Blitz-February-27-2024"]
[Site "Chess.com"]
[Date "2024.02.27"]
[Round "6"]
[White "C_K_G"]
[Black "N_Mullodzhanov"]
[Result "0-1"]
[WhiteElo "2167"]
[BlackElo "2455"]
[TimeControl "180+1"]
[EndTime "15:07:14 PST"]
[Termination "N_Mullodzhanov won by checkmate"]

1. e4 c6 2. Nf3 d5 3. Nc3 Bg4 4.
exd5 cxd5 5. Bb5+ Nc6 6. Ne5 Bxd1 7. Nxc6 Qb6 8. Nxd5 Qxb5 9. Nc7+ Kd7 10. Nxb5 bxc6 11.
Nd4 Bh5 12. O-O e5 13. Nb3 f6 14. d4 exd4 15. Nxd4 Bg6 16. c3 c5 17. Nb3 Bc2 18. Be3 Bxb3 19. axb3 Bd6 20. Ra5 Ne7 21. Rd1 Kc7 22.
Bxc5 Bxc5 23. Rxc5+ Nc6 24. b4 Rad8 25. Ra1 Kb6 26.
g3 Rd2 27. Re1 a5 28. Re6 Rc8 29. Rxa5 Rxb2 30. Rh5 h6 31. Rc5 Rb3 32. h4 Kb7 33. b5 Ne5 34. Re7+ Kb8 35. Rxc8+ Kxc8 36. Rxg7 Rxb5 37.
Rh7 h5 38. Kg2 Ng4 39. f3 Rb2+ 40. Kg1 Ne5 41. Rxh5 Nxf3+ 42. Kf1 Kd7 43. Rf5 Nh2+ 44. Kg1 Ng4 45. Rf4 Rb1+ 46. Kg2 f5 47. h5 Ke6 48. c4 Rb2+ 49. Kg1 Rc2 50. Rd4 Kf6 51. Kf1 Kg5 52. Rf4 Rxc4 53. Rxc4 Ne3+ 54. Ke2 Nxc4 55. Kf3 Ne5+ 56.
Ke3 Ng4+ 57. Kf3 Kxh5 58. Kf4 Kg6 59. Kf3 Kg5 60. Kg2 Nf6 61. Kf3 Nh5 62. Kg2 Kg4 63.
Kh2 Nxg3 64. Kg2 f4 65. Kf2 f3 66. Kg1 Ne4 67. Kf1 Kg3 68. Kg1 f2+ 69. Kf1 Nd2+ 70.
Ke2 f1=Q+ 71. Kxd2 Qf3 72. Kc2 Kf4 73. Kd2 Ke4 74. Kc2 Kd4 75. Kd2 Qg2+ 76. Ke1 Kd3 77. Kd1 Qg1# 0-1

[Event "Late-Titled-Tuesday-Blitz-February-27-2024"]
[Site "Chess.com"]
[Date "2024.02.27"]
[Round "6"]
[White "stollenmonster"]
[Black "vi_pranav"]
[Result "0-1"]
[WhiteElo "2867"]
[BlackElo "3111"]
[TimeControl "180+1"]
[EndTime "15:07:17 PST"]
[Termination "vi_pranav won by resignation"]

1. e4 e5 2. Nc3 Nc6 3. g3 Nf6 4.
Bg2 Bc5 5. h3 a6 6. Nge2 d6 7.
d3 h6 8. O-O g5 9. Nd5 Be6 10.
c3 Ba7 11. d4 exd4 12. cxd4 Bxd5 13. exd5 Ne7 14. Qb3 Bb6 15. a4 a5 16. Re1 Kf8 17. Qd3 Qd7 18. Nc3 Qf5 19. Qc4 Ng6 20. Re3 Kg7 21.
Bd2 Rae8 22. Rf1 g4 23. h4 Qc2 24. Bc1 Qf5 25. Rfe1 Rxe3 26. fxe3 Re8 27. e4 Qe5 28. Ne2 Nxe4 29. Be3 Qf6 30. Qd3 Nc5 31. Qa3 Na6 32. Qd3 Nb4 33. Qd2 Rxe3 34. Qxe3 Nc2 35. Qd2 Nxe1 36. Qxe1 Bxd4+ 37. Kh2 Be5 38. h5 Nh4 39.
Ng1 Nf5 40. Ne2 Qh4+ 41. Kg1 Nxg3 42. Nxg3 Bxg3 43. Qe4 Be5 44. Qf5 Qg3 45. Kf1 Bd4 46.
Ke2 Qe3+ 47. Kd1 Qg1+ 48. Bf1 Be5 49. Kc2 Qh2+ 50. Kd1 Qxb2 51. Bd3 Qa1+ 52. Ke2 Qb2+ 53. Kd1 Qa1+ 54. Ke2 Qd4 55. Qh7+ Kf8 56. Qxh6+ Bg7 57.
Qg5 Qe5+ 58. Qxe5 Bxe5 59. Bf5 g3 60. Bc8 b6 61. Kf3 Kg7 62. Bd7 Kh6 63. Be8 Kxh5 64. Bxf7+ Kg5 65. Be6 b5 66. axb5 a4 67. Bh3 a3 0-1

[Event "Late-Titled-Tuesday-Blitz-February-27-2024"]
[Site "Chess.com"]
[Date "2024.02.27"]
[Round "6"]
[White "Arystanner"]
[Black "Sanan_Sjugirov"]
[Result "1/2-1/2"]
[WhiteElo "2797"]
[BlackElo "2968"]
[TimeControl "180+1"]
[EndTime "15:07:17 PST"]
[Termination "Game drawn by repetition"]

1. d4 Nf6 2. c4 e6 3. Nc3 Bb4 4. Nf3 b6 5. e3 Bb7 6. Bd3 Ne4 7. O-O Bxc3 8. bxc3 O-O 9. Nd2 Nxd2 10. Bxd2 f5 11. f3 Nc6 12. Rb1 Qh4 13. c5 Rae8 14. Qe1 Qe7 15.
Qg3 e5 16. cxb6 axb6 17. Rfe1 d6 18. Bc4+ Kh8 19. Bd5 Na5 20. Bxb7 Nxb7 21. c4 Qe6 22. Rbc1 Ra8 23. Bc3 exd4 24. exd4 Qf7 25. Rc2 Rfe8 26. Rxe8+ Rxe8 27. d5 Nc5 28. h3 Kg8 29. Bd4 f4 30.
Qg4 Nd3 31. Kh2 h6 32. Rc3 Nb4 33. a3 Na6 34. Rc2 Nb8 35. a4 Nd7 36. Ra2 Ne5 37. Bxe5 Rxe5 38. a5 bxa5 39. Rxa5 Kh7 40. Ra8 Rf5 41.
Rc8 Rg5 42. Qe6 Qxe6 43. dxe6 Re5 44. Rxc7 Rxe6 45. Rf7 Re2 46. Rxf4 Rd2 47. Kg3 d5 48. cxd5 Rxd5 49. h4 Rc5 50. Rf7 Ra5 51. Rb7 Rc5 52. Kh3 Rd5 53. g4 Rd3 54. Kg3 Rc3 55. Rb6 Rd3 56.
g5 hxg5 57. hxg5 Rd1 58. Kg4 Rd4+ 59. Kh5 Rd5 60. f4 Ra5 61. Re6 Rb5 62. Re5 Rb6 63.
f5 g6+ 64. fxg6+ Kg7 65. Re7+ Kg8 66. Ra7 Rb1 67. g7 Rb6 68. g6 Rb1 69. Kh6 Rh1+ 70. Kg5 Rg1+ 71. Kh6 Rh1+ 72. Kg5 Rg1+ 73. Kh6 Rh1+ 1/2-1/2

[Event "Late-Titled-Tuesday-Blitz-February-27-2024"]
[Site "Chess.com"]
[Date "2024.02.27"]
[Round "6"]
[White "Jospem"]
[Black "js20000"]
[Result "0-1"]
[WhiteElo "3061"]
[BlackElo "2848"]
[TimeControl "180+1"]
[EndTime "15:07:23 PST"]
[Termination "js20000 won on time"]

1. e4 e6 2. d4 d5 3. exd5 exd5 4.
Nf3 Nf6 5. Bd3 Bd6 6. O-O O-O 7. Bg5 Bg4 8. Nbd2 Nbd7 9. c4 h6 10. Bh4 dxc4 11. Nxc4 Be7 12. Re1 Nd5 13. Bg3 Bf6 14.
Be4 N7b6 15. Nce5 Be6 16. a3 c6 17. Bc2 Ne7 18. h3 Bf5 19. Bb3 Nbd5 20. Ng4 Bh7 21.
Nxf6+ Nxf6 22. Be5 Nfd5 23. Bc4 Qd7 24. Qb3 Rae8 25.
a4 f6 26. Bg3 Kh8 27. a5 a6 28.
Re2 Nf5 29. Rae1 Rxe2 30. Rxe2 Nxg3 31. fxg3 Bg8 32. Nh4 Bf7 33. Bxd5 cxd5 34. g4 Re8 35. Rxe8+ Bxe8 36. Qb4 Kg8 37. Nf5 Bg6 38. Nd6 Qe7 39. Kh2 Kh7 40. Qa3 Qe2 41. Nxb7 Be4 42. Qg3 Qxb2 43. Nc5 Qxd4 44. Nxa6 Qa4 45. Nc5 Qxa5 46.
Ne6 Qd2 47. Nc5 Qc2 48. Ne6 Qd2 49. Nc5 Qd4 50. Nd7 Qb2 51. Nc5 Qe5 52. Qxe5 fxe5 53. Nd7 d4 54. Nxe5 d3 55. Nc4 Bd5 56. Nd2 Kg6 57. Kg1 Kf6 58. Kf2 Ke5 59. Ke3 Bxg2 60. h4 Bh3 61. Kxd3 Bxg4 62. Ke3 Kf5 63. Ne4 Bd1 64.
Nf2 Bh5 65. Nd3 Kg4 66. Nf4 Bf7 67. Nd3 Kxh4 68. Kf4 g5+ 69. Kf5 g4 70. Ne5 Bh5 71. Kf4 g3 72. Nc4 g2 73. Ne3 g1=Q 74. Nf5+ Kh3 75.
Nxh6 Qc1+ 76. Kf5 Qxh6 77. Ke4 Qg5 78. Kd3 Qf4 79. Kc2 Qe3 80. Kb1 Qd2 81. Ka1 Bf7 82. Kb1 Be6 0-1